 Dungeon Crawl Stone Soup version 0.28.0 (webtiles) character file.

Game seed: 8871725945925424722

634 Crownlay the Poker (level 7, -7/63 HPs)
             Began as a Minotaur Fighter on Feb 11, 2022.
             Shot with an arrow by a centaur (11 damage)
             ... on level 5 of the Dungeon.
             The game lasted 00:06:35 (3782 turns).

Crownlay the Poker (Minotaur Fighter)               Turns: 3782, Time: 00:06:36

Health: -7/63      AC:  6    Str: 21    XL:     7   Next: 25%
Magic:  6/6        EV:  9    Int:  5    God:
Gold:   134        SH:  6    Dex: 17    Spells: 6/6 levels left

rFire   . . .      SeeInvis .   g - +0 spear (vorpal)
rCold   . . .      Faith    .   c - +0 buckler
rNeg    . . .      Spirit   .   b - +0 scale mail
rPois   .          Reflect  .   (helmet restricted)
rElec   .          Harm     .   (no cloak)
rCorr   .          Rampage  .   (no gloves)
Will    .....                   (no boots)
Stlth   ..........              (no amulet)
HPRegen 0.20/turn               k - +6 ring of dexterity
MPRegen 0.10/turn               (no ring)

@: mighty
A: horns 2, retaliatory headbutt
a: no special abilities


You were on level 5 of the Dungeon.
You visited 1 branch of the dungeon, and saw 5 of its levels.

You collected 134 gold pieces.

Inventory:

Hand Weapons
 a - a +0 trident
 g - a +0 vorpal spear (weapon)
Missiles
 j - 2 throwing nets (quivered)
Armour
 b - a +0 scale mail (worn)
 c - a +0 buckler (worn)
Jewellery
 k - a +6 ring of dexterity (left hand)
Wands
 m - a wand of acid (8)
Scrolls
 e - a scroll of enchant armour
 h - 3 scrolls of immolation
 i - 2 scrolls of silence
 n - a scroll of teleportation {unknown}
Potions
 d - 3 potions of might
 f - 2 potions of curing
 l - a potion of mutation {unknown}


   Skills:
 + Level 6.0 Fighting
 * Level 7.0 Polearms
 - Level 3.6 Armour
 + Level 5.9 Shields


You had 6 spell levels left.
You didn't know any spells.
Your spell library was empty.

Dungeon Overview and Level Annotations

Branches:
Dungeon (5/15)
 Temple: D:4-7

Altars:
Dithmenos
Vehumet

Annotations:
D:5 exclusion: statue


Innate Abilities, Weirdness & Mutations

You have a pair of horns on your head.
You reflexively headbutt those who attack you in melee.


Message History

The centaur shoots an arrow.
The arrow hits you.
You reach to attack!
You hit the centaur but do no damage.
The centaur is lightly wounded.
The centaur shoots an arrow.
The arrow hits you!
You are too injured to fight recklessly!
You are too injured to fight recklessly!
You are too injured to fight recklessly!
You are too injured to fight recklessly!
The centaur shoots an arrow.
The arrow hits you!
* * * LOW HITPOINT WARNING * * *
You feel very mighty all of a sudden.
The centaur shoots an arrow.
You block the arrow.
Reach: g) +0 spear (vorpal)
Press: ? - help, Dir - move target, f/p - centaur
Aim: a centaur, wielding a +0 shortbow and quivering arrows (lightly wounded, about 23% to evade your +0 vorpal spear)
You reach to attack!
You puncture the centaur!
The centaur is severely wounded.
The centaur shoots an arrow.
The arrow closely misses you.
The centaur shoots an arrow.
The arrow hits you.
* * * LOW HITPOINT WARNING * * *
Reach: g) +0 spear (vorpal)
Press: ? - help, Dir - move target, f/p - centaur
Aim: a centaur, wielding a +0 shortbow and quivering arrows (severely wounded, about 23% to evade your +0 vorpal spear)
You reach to attack!
You barely miss the centaur.
The centaur is severely wounded.
The centaur shoots an arrow.
The arrow hits you but does no damage.
Reach: g) +0 spear (vorpal)
Press: ? - help, Dir - move target, f/p - centaur
Aim: a centaur, wielding a +0 shortbow and quivering arrows (severely wounded, about 23% to evade your +0 vorpal spear)
You reach to attack!
You barely miss the centaur.
The centaur is severely wounded.
The centaur shoots an arrow.
The arrow hits you.
* * * LOW HITPOINT WARNING * * *
Reach: g) +0 spear (vorpal)
Press: ? - help, Dir - move target, f/p - centaur
Aim: a centaur, wielding a +0 shortbow and quivering arrows (severely wounded, about 23% to evade your +0 vorpal spear)
You reach to attack!
You hit the centaur.
The centaur is severely wounded.
The centaur shoots an arrow.
The arrow hits you!
You die...

#.......# #.......# #+
#.......# . #. #.......#
.. ##. ##.......#######
...#..#####...............
..o.......[..............
#...##..........######
#....#@##............#
#...c..#...#########.#
#.##..##.#.#.. #.#
#......#....._.8 #.#
....##.####.#...... #.#
.....+..#....#########.#
.... ##...#............#
.... ###..###..+##..##.#
### #.................#


You could see a centaur.

Vanquished Creatures
  Pargi (D:3)
  A phantom (D:4)
  A howler monkey (D:4)
  2 hounds (D:4)
  An orc priest (D:3)
  Jessica (D:2)
  Natasha (thrice) (D:3)
  An iguana (D:4)
  A hound skeleton (D:4)
  Robin (D:4)
  8 adders
  A white imp (D:5)
  A worm (D:3)
  2 dart slugs
  5 orcs
  4 bats
  9 endoplasms
  6 giant cockroaches
  16 goblins
  10 hobgoblins
  2 jackals (D:2)
  6 quokkas
  9 ball pythons
  3 frilled lizards
  4 kobolds
  9 rats
108 creatures vanquished.

Vanquished Creatures (others)
  A fungus (D:2)
1 creature vanquished.

Grand Total: 109 creatures vanquished

Notes
Turn   | Place    | Note
-------+----------+-------------------------------------------
     0 | D:1      | Crownlay the Minotaur Fighter began the quest for the Orb.
     0 | D:1      | Reached XP level 1. HP: 19/19 MP: 0/0
   304 | D:1      | Reached XP level 2. HP: 27/27 MP: 1/1
   314 | D:1      | Reached skill level 3 in Polearms
  1165 | D:2      | Found a shadowy altar of Dithmenos.
  1183 | D:2      | Reached XP level 3. HP: 33/33 MP: 2/2
  1294 | D:2      | Found a faded altar of an unknown god.
  1400 | D:2      | Reached skill level 4 in Polearms
  1494 | D:2      | Noticed Jessica
  1498 | D:2      | Killed Jessica
  1499 | D:2      | Reached XP level 4. HP: 41/41 MP: 3/3
  1668 | D:3      | Noticed Pargi
  1692 | D:3      | Killed Pargi
  1693 | D:3      | Reached skill level 5 in Polearms
  1693 | D:3      | Reached XP level 5. HP: 8/47 MP: 4/4
  1911 | D:3      | Reached skill level 5 in Fighting
  1918 | D:3      | Reached skill level 5 in Shields
  2181 | D:3      | Noticed Natasha
  2194 | D:3      | Killed Natasha
  2195 | D:3      | Reached XP level 6. HP: 46/56 MP: 5/5
  2448 | D:3      | Noticed Natasha
  2456 | D:3      | Killed Natasha
  2574 | D:3      | Noticed Natasha
  2582 | D:3      | Killed Natasha
  2616 | D:4      | Reached skill level 6 in Polearms
  3053 | D:4      | Noticed Robin
  3078 | D:4      | Killed Robin
  3081 | D:4      | Reached XP level 7. HP: 35/62 MP: 6/6
  3690 | D:5      | Entered Level 5 of the Dungeon
  3713 | D:5      | Reached skill level 7 in Polearms
  3757 | D:5      | Found a radiant altar of Vehumet.
  3782 | D:5      | Shot with an arrow by a centaur

Illustrated notes

Levels and vault maps discovered:
D:1:      elethiomel_arrival_infinity_welcomes_careful_drivers,
          layout_loops_corners
D:2:      layout_basic, shapermc_ecumenical_altar_acropolis, basic_altar,
          uniq_jessica
D:3:      layout_rooms, uniq_natasha, uniq_pargi
D:4:      layout_cave_pods, minmay_close_crescents, uniq_robin
D:5:      layout_basic, vehumet_statue

Skill      XL: |  1  2  3  4  5  6  7 |
---------------+----------------------+-----
Polearms       | 3 4 5 6 7 |  7.0
Shields        | 4 5 |  5.9
Fighting       | 4 5 6 |  6.0
Armour         | |  3.6

Action                   |  1- 3 |  4- 6 |  7- 9 || total
-------------------------+-------+-------+-------++-------
Melee: Trident           |    51 |       |       ||    51
       Spear             |    63 |   179 |    40 ||   282
       Headbutt          |     5 |    30 |     7 ||    42
  Use: Scroll            |       |     3 |     1 ||     4
       Potion            |       |       |     1 ||     1
Armor: Scale mail        |    53 |    51 |     9 ||   113
Dodge: Dodged            |    30 |    41 |     8 ||    79
Block: Buckler           |    17 |    33 |     4 ||    54
